 Dungeon Sprint DCSS version 0.23.0-28-g6fe0f4d (webtiles) character file.

Game seed: 10583616586232639920

917 nuthulu the Blocker (level 8, -20/72 HPs)
             Began as a Formicid Fighter on Feb 25, 2019.
             Was a High Priest of Yredelemnul.
             Killed from afar by a nagaraja (29 damage)
             ... with a bolt of poison
             ... in the Dungeon (Sprint VII: "The Pits").
             The game lasted 00:02:45 (710 turns).

nuthulu the Blocker (Formicid Fighter)               Turns: 710, Time: 00:02:46

Health: -20/72     AC: 10    Str: 28    XL:     8   Next: 31%
Magic:  8/8        EV:  7    Int:  8    God:    Yredelemnul [*****.]
Gold:   0          SH: 13    Dex: 10    Spells: 7/7 levels left

rFire    . . .     SeeInvis +   a - +0 war axe
rCold    . . .     Gourm    .   c - +0 shield
rNeg     . . .     Faith    .   q - +3 ring mail
rPois    .         Spirit   .   (helmet unavailable)
rElec    .         Reflect  .   (no cloak)
rCorr    .         Harm     .   (no gloves)
MR       .....                  (no boots)
Stlth    ..........             (no amulet)
HPRegen  0.22/turn              (no ring)
MPRegen  0.11/turn              (no ring)

@: mighty, lethally poisoned (-20 -> -33), constricted, lightly drained
A: permanent stasis, dig shafts and tunnels, four strong arms, antennae 3
a: Dig, Recall Undead Slaves, Injury Mirror, Animate Dead, Drain Life, Enslave
Soul, Renounce Religion


You were in the Dungeon.
You worshipped Yredelemnul.
Yredelemnul was extremely pleased with you.
You were not hungry.

You visited 1 branch

Inventory:

Hand Weapons
 a - a +0 war axe (weapon)
Armour
 b - a +0 scale mail
 c - a +0 shield (worn)
 q - a +3 ring mail (worn)
Scrolls
 k - a scroll of blinking
 m - 3 scrolls of remove curse
 n - 5 scrolls of amnesia
 o - a scroll of summoning
Potions
 e - 5 potions of curing
 g - 5 potions of heal wounds
 h - a potion of haste
 i - 4 potions of magic
 j - 3 potions of berserk rage
 l - a potion of invisibility
Comestibles
 f - 9 rations


   Skills:
 + Level 10.0(9.9) Fighting
 + Level 8.9(8.8) Axes
 + Level 10.0(9.9) Armour
 + Level 10.8(10.7) Shields


You had 7 spell levels left.
You didn't know any spells.
Your spell library was empty.

Dungeon Overview and Level Annotations

Branches:
Dungeon (1/1)

Altars:
Ashenzari
Cheibriados
Dithmenos
Elyvilon
Fedhas
Gozag
Hepliaklqana
Kikubaaqudgha
Makhleb
Nemelex Xobeh
Okawaru
Qazlal
Ru
Sif Muna
Trog
Uskayaw
Vehumet
Wu Jian
Xom
Yredelemnul
Zin
The Shining One
Beogh
Jiyva
Lugonu


Innate Abilities, Weirdness & Mutations

You cannot be hasted, slowed, berserked, paralysed or teleported.
You can dig through walls and to a lower floor.
Your four strong arms can wield two-handed weapons with a shield.
You have a pair of large antennae on your head. (SInv)


Message History

Unknown command.
You hit the nagaraja but do no damage.
The nagaraja is heavily wounded.
The nagaraja hits you. The nagaraja constricts you.
Your wight hits the nagaraja but does no damage.
The nagaraja hits you! The nagaraja constricts you.
You barely miss the nagaraja.
The nagaraja is heavily wounded.
Your wight barely misses the nagaraja.
You block the nagaraja's attack. The nagaraja constricts you.
Unknown command.
You feel very mighty all of a sudden. The nagaraja hits you!
* * * LOW HITPOINT WARNING * * *
x2 The nagaraja constricts you.
Your wight misses the nagaraja. The nagaraja casts a spell at you.
The bolt of poison hits you!!
You are lethally poisoned!
You die...
Your body rises from the dead as a mindless zombie.

#.#........##.......#
#.#........##.......#
#)###########.......#
#.M.)...#{{ #########
#..#)#..#{ #.##.##.#{
{ #.......#+#
#.##.##.#.+ {
#..#.#z@#'#
#.......N.# {
###########


You could see a nagaraja and a friendly wight.

Vanquished Creatures
  A deep elf mage (D)
  A floating eye (D)
  A necrophage (D)
  A big kobold (D)
  3 wights (D)
  An orc priest (D)
  An orc wizard (D)
  A gnoll (D)
  A river rat (D)
  An adder zombie (D)
  2 orcs (D)
  A goblin (D)
  6 jackals (D)
  A kobold (D)
  A frilled lizard (D)
  A rat (D)
24 creatures vanquished.

Vanquished Creatures (collateral kills)
  A fire bat (D)
  2 orcs (D)
3 creatures vanquished.

Vanquished Creatures (others)
  3 flying skulls (D)
  A wight (D)
  A mummy (D)
  2 jackal zombies (D)
  A river rat zombie (D)
8 creatures vanquished.

Grand Total: 35 creatures vanquished

Notes
Turn   | Place    | Note
-------+----------+-------------------------------------------
     0 | D        | nuthulu the Formicid Fighter began the quest for the Orb.
     0 | D        | Reached XP level 1. HP: 18/18 MP: 1/1
    41 | D        | Found a glowing golden altar of the Shining One.
    41 | D        | Found a glowing silver altar of Zin.
    41 | D        | Found a basalt altar of Yredelemnul.
    41 | D        | Found a shimmering altar of Xom.
    41 | D        | Found an ornate altar of the Wu Jian Council.
    41 | D        | Found a bloodstained altar of Trog.
    41 | D        | Found a deep blue altar of Sif Muna.
    41 | D        | Found a sacrificial altar of Ru.
    41 | D        | Found a stormy altar of Qazlal.
    41 | D        | Found an iron altar of Okawaru.
    41 | D        | Found a sparkling altar of Nemelex Xobeh.
    41 | D        | Found a burning altar of Makhleb.
    41 | D        | Found a viscous altar of Jiyva.
    41 | D        | Found a hazy altar of Hepliaklqana.
    41 | D        | Found an opulent altar of Gozag.
    41 | D        | Found a blossoming altar of Fedhas.
    41 | D        | Found a white marble altar of Elyvilon.
    41 | D        | Found a shadowy altar of Dithmenos.
    41 | D        | Found a snail-covered altar of Cheibriados.
    42 | D        | Found a radiant altar of Vehumet.
    42 | D        | Found a corrupted altar of Lugonu.
    42 | D        | Found a roughly hewn altar of Beogh.
    43 | D        | Found a hide-covered altar of Uskayaw.
    43 | D        | Found an ancient bone altar of Kikubaaqudgha.
    43 | D        | Found a shattered altar of Ashenzari.
    47 | D        | Became a worshipper of Yredelemnul the Dark
    68 | D        | Reached * piety under Yredelemnul
   140 | D        | Reached XP level 2. HP: 18/25 MP: 2/2
   150 | D        | Reached ** piety under Yredelemnul
   162 | D        | Reached XP level 3. HP: 30/31 MP: 3/3
   184 | D        | Noticed a floating eye
   186 | D        | Reached *** piety under Yredelemnul
   186 | D        | Reached skill level 5 in Shields
   188 | D        | Noticed a deep elf mage
   194 | D        | Killed a floating eye
   194 | D        | Reached skill level 5 in Axes
   194 | D        | Reached XP level 4. HP: 32/40 MP: 4/4
   194 | D        | Reached XP level 5. HP: 37/46 MP: 5/5
   204 | D        | Killed a deep elf mage
   204 | D        | Reached XP level 6. HP: 46/57 MP: 6/6
   204 | D        | Reached XP level 7. HP: 50/63 MP: 7/7
   376 | D        | Reached **** piety under Yredelemnul
   407 | D        | Received a gift from Yredelemnul (a wight)
   410 | D        | Reached skill level 10 in Shields
   425 | D        | Reached ***** piety under Yredelemnul
   425 | D        | Received a gift from Yredelemnul (3 flying skulls)
   457 | D        | Noticed a fire bat
   471 | D        | Killed a fire bat
   471 | D        | Reached XP level 8. HP: 49/72 MP: 8/8
   484 | D        | Received a gift from Yredelemnul (a mummy)
   484 | D        | Received a gift from Yredelemnul (a wight)
   498 | D        | Reached skill level 10 in Fighting
   498 | D        | Reached skill level 10 in Armour
   695 | D        | Noticed a nagaraja
   710 | D        | Killed from afar by a nagaraja

Skill      XL: |  1  2  3  4  5  6  7  8 |
---------------+-------------------------+-----
Shields        | 4 6 9 10 | 10.8
Fighting       | 4 6 8 9 10 | 10.0
Armour         | 4 6 8 9 10 | 10.0
Axes           | 3 5 7 8 |  8.9

Action                   |  1- 3 |  4- 6 |  7- 9 || total
-------------------------+-------+-------+-------++-------
Melee: War axe           |    59 |     5 |    54 ||   118
Invok: Animate Dead      |       |       |     1 ||     1
  Use: Potion            |     2 |       |     2 ||     4
 Stab: Invisible         |     1 |       |       ||     1
Armor: Scale mail        |    29 |     1 |       ||    30
       Ring mail         |       |       |    16 ||    16
Dodge: Dodged            |    18 |     1 |    18 ||    37
Block: Shield            |    31 |     1 |    16 ||    48
